 Dungeon Crawl Stone Soup version 0.24.1-8-ga250c9d538 (webtiles) character file.

Game seed: 7234259424303812157, levelgen mode: deterministic

21 nightchill the Digger (level 2, -4/16 HPs)
             Began as a Gargoyle Earth Elementalist on Apr 27, 2020.
             Slain by a gnoll
             ... wielding a +0 spear
              (5 damage)
             ... on level 1 of the Dungeon.
             The game lasted 00:03:56 (1410 turns).

nightchill the Digger (Gargoyle Earth Elementalist) Turns: 1410, Time: 00:03:56

Health: -4/16      AC: 11    Str: 11    XL:     2   Next: 87%
Magic:  5/5        EV:  5    Int: 15    God:
Gold:   44         SH:  0    Dex:  8    Spells: 2/5 levels left

rFire    . . .     SeeInvis .   j - +0 whip
rCold    . . .     Gourm    .   (no shield)
rNeg     + . .     Faith    .   l - +0 chain mail
rPois    ∞         Spirit   .   k - +0 helmet
rElec    +         Reflect  .   (no cloak)
rCorr    .         Harm     .   (no gloves)
MR       .....                  (no boots)
Stlth    ..........             (no amulet)
HPRegen  0.05/turn              (no ring)
MPRegen  0.09/turn              (no ring)

@: very slightly contaminated
A: clumsy 1, negative energy resistance 1, electricity resistance, unbreathing,
petrification resistance, rot immunity, AC +2
a: no special abilities


You were on level 1 of the Dungeon.
You were very hungry.

You visited 1 branch of the dungeon, and saw 1 of its levels.

You collected 44 gold pieces.

Inventory:

Hand Weapons
 j - a +0 whip (weapon)
Missiles
 b - 86 stones (quivered)
 i - 16 poisoned darts
Armour
 a - a +0 leather armour
 c - a +0 robe
 k - a +0 helmet (worn)
 l - a +0 chain mail (worn)
Scrolls
 e - 3 scrolls of identify {unknown}
 f - 4 scrolls of teleportation {unknown}
Potions
 g - a potion of brilliance {unknown}
 h - a potion of heal wounds {unknown}
Comestibles
 d - 2 rations


   Skills:
 + Level 1.4 Fighting
 * Level 1.5 Maces & Flails
 - Level 1.5 Dodging
 - Level 2.1 Stealth
 - Level 2.0 Spellcasting
 - Level 0.7 Transmutations
 - Level 3.8 Earth Magic


You had 2 spell levels left.
You knew the following spells:

 Your Spells              Type           Power        Failure   Level  Hunger
a - Sandblast             Erth           ##....       96%         1    #......
b - Passwall              Tmut/Erth      #.......     100%        2    ###....

Your spell library contained the following spells:

 Spells                   Type           Power        Failure   Level  Hunger
 Stone Arrow              Conj/Erth      #.....       100%        3    ###....
 Petrify                  Tmut/Erth      #.......     100%        4    #####..
 Lee's Rapid Deconstruct  Erth           ##........   100%        5    ######.


Dungeon Overview and Level Annotations

Branches:
Dungeon (1/15)

Altars:


Innate Abilities, Weirdness & Mutations

You are resistant to torment.
Your stone body is resilient. (AC +2)
You are immune to poison.
You resist negative energy. (rN+)
You are resistant to electric shocks. (rElec)
You can survive without breathing.
You are immune to petrification.
You are immune to rotting.
You are clumsy. (Dex -2)


Message History

You hit the gnoll but do no damage.
The gnoll is severely wounded.
The gnoll hits you but does no damage.
You hit the gnoll.
The gnoll is severely wounded.
The gnoll barely misses you.
You hit the gnoll but do no damage.
The gnoll is severely wounded.
The gnoll hits you but does no damage.
You hit the gnoll but do no damage.
The gnoll is severely wounded.
The gnoll hits you with a +0 spear.
* * * LOW HITPOINT WARNING * * *
You barely miss the gnoll.
The gnoll is severely wounded.
The gnoll hits you but does no damage.
You closely miss the gnoll.
The gnoll is severely wounded.
The gnoll hits you with a +0 spear.
You die...

###.####.#.#.#.## #.# ##.#####..#
########.# #........#. #...gg...#
#.###...### ## #.######## #.#
#...# # .. ... ######.###...###
## #.## #...............
#.#######.###..####..### #.# #
#.wgg@(............### #.#
#.#.#####'#####.###.....
##.####.#.#PPP#.#PPP#......###
#.........#P⌠P#.#P⌠P#.###..#
####..####.#.#PPP#.#PPP#.# #..# #
.......# #...#####.#####.###..###
# #....####..'....<....'..##..##.
# #........#.#####.#####.........
###..###.#.#.#PPP#.#PPP#.#######.


You could see a gnoll, a dart slug and a hobgoblin.

Vanquished Creatures
  A dart slug (D:1)
  A leopard gecko (D:1)
  A giant cockroach (D:1)
  A goblin (D:1)
  3 hobgoblins (D:1)
  3 kobolds (D:1)
  3 bats (D:1)
  4 frilled lizards (D:1)
  2 rats (D:1)
19 creatures vanquished.

Notes
Turn   | Place    | Note
-------+----------+-------------------------------------------
     0 | D:1      | nightchill the Gargoyle Earth Elementalist began the quest
                  | for the Orb.
     0 | D:1      | Reached XP level 1. HP: 10/10 MP: 3/3
   345 | D:1      | Reached skill level 1 in Fighting
   345 | D:1      | Reached XP level 2. HP: 10/16 MP: 3/5
   457 | D:1      | Learned a level 2 spell: Passwall
   716 | D:1      | Reached skill level 1 in Maces & Flails
  1328 | D:1      | Gained mutation: You are clumsy. (Dex -2) [mutagenic glow]
  1410 | D:1      | Slain by a gnoll

Levels and vault maps discovered:
D:1:      beargit_arrival_greenhouse, layout_loops_ring, minmay_split_cup_large

Skill      XL: |  1  2 |
---------------+-------+-----
Fighting       | 1 |  1.4
Maces & Flails | 1 |  1.5
Dodging        | |  1.5
Stealth        | |  2.1
Spellcasting   | |  2.0
Transmutations | |  0.7
Earth Magic    | |  3.8

Action                   || total
-------------------------++-------
Melee: Whip              ||    95
       Unarmed           ||    13
Throw: Stone             ||     1
 Cast: Sandblast         ||     6
  Eat: Chunk             ||     1
Armor: Leather armour    ||    13
       Chain mail        ||    62
Dodge: Dodged            ||    53
